 Dungeon Crawl Stone Soup version 0.16.2-12-gd0ad4c3 (webtiles) character file.

292 dvd the Sneak (level 6, -7/43 HPs)
             Began as an Octopode Monk on Oct 22, 2015.
             Was a Believer of Ashenzari.
             Mangled by an ogre
             ... wielding a +0 giant club
              (26 damage)
             ... on level 4 of the Dungeon.
             The game lasted 00:16:45 (3882 turns).

dvd the Sneak (Octopode Monk)                       Turns: 3882, Time: 00:16:45

Health: -7/43      AC:  1    Str: 12    XL:     6   Next: 33%
Magic:  6/6        EV: 14    Int: 13    God:    Ashenzari [**....]
Gold:   92         SH:  0    Dex: 14    Spells: 0 memorised, 5 levels left

rFire  . . .     SeeInvis .       - Unarmed
rCold  . . .     Clarity  .     (no shield)
rNeg   . . .     SustAb   .     (helmet restricted)
rPois  .         Gourm    .     (no amulet)
rElec  .         Spirit   .     (no ring)
rCorr  .         Warding  .     (no ring)
rMut   .         Stasis   .     (no ring)
MR     .....                    (no ring)
Stlth  ++++......               (no ring)
                                (no ring)
                                (no ring)
                                (no ring)

@: not resistant to hostile enchantments, stealthy
A: almost no armour, amphibious, 8 rings, constrict 8, camouflage 1, gelatinous
body 1
a: Renounce Religion


You were on level 4 of the Dungeon.
You worshipped Ashenzari.
Ashenzari was pleased with you.
You were not hungry.

You visited 1 branch of the dungeon, and saw 4 of its levels.

You collected 92 gold pieces.

Inventory:

Hand weapons
 u - a +0 flail
Magical devices
 w - a wand of enslavement (13)
Scrolls
 e - a scroll of blinking {unknown}
 h - 2 scrolls of curse jewellery
 l - 3 scrolls of identify
 v - a scroll of teleportation
 x - a scroll of curse armour
 y - 3 scrolls of remove curse
Potions
 c - a potion of magic {unknown}
 d - a potion of heal wounds {unknown}
 f - a potion of haste
 g - a potion of resistance {unknown}
 i - 3 potions of curing {unknown}
 k - 2 potions of agility {unknown}
 m - a potion of lignification {unknown}
 o - a potion of might {unknown}
 p - a potion of restore abilities {unknown}
 r - a potion of brilliance {unknown}
Comestibles
 a - 3 meat rations
 b - 3 bread rations
 j - 4 chunks of flesh
 n - a beef jerky
 z - a royal jelly


   Skills:
 + Level 4.0 Fighting
 + Level 4.2 Dodging
 + Level 5.5 Stealth
 + Level 5.1 Unarmed Combat


You had 5 spell levels left.
You didn't know any spells.

Dungeon Overview and Level Annotations

Branches:
Dungeon (4/15)
 Temple: D:4-7

Altars:
Ashenzari
Qazlal
Sif Muna

Shops:
D:4 [


Innate Abilities, Weirdness & Mutations

You cannot wear most types of armour.
You are amphibious.
You can wear up to eight rings at the same time.
You can use your tentacles to constrict many enemies at once.
Your skin changes colour to match your surroundings (Stealth).
Your rubbery body absorbs attacks (AC +1).


Message History

You see here an iguana skeleton.
Found an escape hatch in the floor.
There is an escape hatch in the floor here.
An ogre comes into view. It is wielding a giant club.
The ogre shouts!
Found 15 gold pieces.
You barely miss the ogre. The ogre closely misses you.
You tentacle-slap the ogre but do no damage.
The ogre hits you with a giant club!!
You tentacle-slap the ogre.
The ogre is moderately wounded.
You tentacle-slap the ogre but do no damage.
Your squeeze misses the ogre.
The ogre is moderately wounded.
The ogre misses you.
You tentacle-slap the ogre.
The ogre is moderately wounded.
The ogre hits you with a giant club!!
Ouch! That really hurt!
You die...

## .###############
.#.............# *##
.#>###########.###.#
.#........# #.#...#
.#..#####.# #.#.#.#
.#...###* * #.....#
.##....## ###@###
.#......# #O#
.#.#....# * #.#
.#.#.####.# #.#
....รท.....# #.#
....####..# #.#
....# ,# #.# ....#*
*, * #.# #.....,,,
,#$#


You could see an ogre.

Vanquished Creatures
  2 hounds (D:4)
  A worker ant (D:3)
  An iguana (D:4)
  The ghost of Charly the Changer, a weakling MfTm (D:3)
  2 hound skeletons
  Robin (D:3)
  3 adders
  A giant mite (D:2)
  2 worms
  An ooze (D:2)
  5 orcs
  7 bats
  3 giant cockroaches
  7 hobgoblins
  4 jackals
  A ball python (D:2)
  5 giant geckos
  8 giant newts
  16 goblins
  11 kobolds
  10 rats
92 creatures vanquished.

Notes
Turn   | Place    | Note
--------------------------------------------------------------
     0 | D:1      | dvd, the Octopode Monk, began the quest for the Orb.
     0 | D:1      | Reached XP level 1. HP: 16/16 MP: 1/1
    63 | D:1      | Reached XP level 2. HP: 18/21 MP: 2/2
   896 | D:1      | Reached XP level 3. HP: 26/26 MP: 3/3
  1359 | D:2      | Found a deep blue altar of Sif Muna.
  1360 | D:2      | Found a shattered altar of Ashenzari.
  1506 | D:2      | Reached XP level 4. HP: 23/31 MP: 4/4
  1827 | D:2      | Became a worshipper of Ashenzari the Shackled
  1827 | D:2      | Acquired Ashenzari's first power
  1947 | D:3      | Noticed Charly's ghost (weakling MfTm)
  1959 | D:3      | Killed Charly's ghost
  2246 | D:3      | Noticed Robin
  2261 | D:3      | Reached XP level 5. HP: 19/36 MP: 5/5
  2466 | D:3      | Killed Robin
  2957 | D:3      | Reached skill level 5 in Stealth
  3422 | D:4      | Found a stormy altar of Qazlal.
  3438 | D:4      | Reached skill level 5 in Unarmed Combat
  3438 | D:4      | Reached XP level 6. HP: 38/43 MP: 6/6
  3651 | D:4      | Found Gutu Liw's Antique Armour Shoppe.
  3875 | D:4      | Noticed an ogre
  3882 | D:4      | Mangled by an ogre

Action                   |  1- 3 |  4- 6 || total
-------------------------+-------+-------++-------
Melee: Unarmed           |    78 |   130 ||   208
  Use: Scroll            |       |     8 ||     8
 Stab: Sleeping          |     3 |    11 ||    14
  Eat: Chunk             |     2 |     7 ||     9
